 Dungeon Crawl Stone Soup version 0.21.1-1-g345015f (webtiles) character file.

435 sking99 the Sneak (level 6, -3/29 HPs)
             Began as a Spriggan Enchanter on June 13, 2018.
             Killed by divine providence
             ... invoked by an orc priest
              (16 damage)
             ... on level 5 of the Dungeon.
             The game lasted 01:01:45 (6703 turns).

sking99 the Sneak (Spriggan Enchanter)              Turns: 6703, Time: 01:01:46

Health: -3/29      AC:  2    Str:  4    XL:     6   Next: 68%
Magic:  3/13       EV: 19    Int: 17    God:
Gold:   201        SH:  0    Dex: 18    Spells: 4/13 levels left

rFire    . . .     SeeInvis +   a - +1 dagger
rCold    . . .     Gourm    .   (shield restricted)
rNeg     . . .     Faith    .   b - +0 robe
rPois    .         Spirit   .   (helmet restricted)
rElec    .         Reflect  .   (no cloak)
rCorr    .         Harm     .   (gloves unavailable)
MR       +....                  (boots unavailable)
Stlth    ++++......             (no amulet)
HPRegen  0.09/turn              (no ring)
MPRegen  0.13/turn              (no ring)

@: very quick
A: very small, unfitting armour, see invisible, herbivore, speed 3, slow
metabolism 2
a: no special abilities


You were on level 5 of the Dungeon.
You were very hungry.

You visited 1 branch of the dungeon, and saw 5 of its levels.

You collected 201 gold pieces.

Inventory:

Hand Weapons
 a - a +1 dagger (weapon)
Armour
 b - a +0 robe (worn)
 l - a +0 pair of gloves
 m - a cursed +0 leather armour
Wands
 n - a wand of iceblast (6)
 q - a wand of enslavement (13)
Scrolls
 g - 2 scrolls of teleportation
 h - 3 scrolls of identify
 j - 2 scrolls of remove curse
Potions
 e - a potion of haste
 k - a potion of ambrosia
 r - a potion of mutation
Books
 c - a book of Maledictions

   Spells                             Type                      Level
   a - Corona                         Hexes                        1
   b - Ensorcelled Hibernation        Hexes/Ice                    2
   c - Confuse                        Hexes                        3
   d - Tukima's Dance                 Hexes                        3
   e - Dazzling Spray                 Conjuration/Hexes            3
Comestibles
 d - 3 rations


   Skills:
 + Level 0.8 Fighting
 * Level 4.5 Short Blades
 + Level 4.0 Dodging
 * Level 7.0 Stealth
 + Level 4.0 Spellcasting
 + Level 4.8 Hexes
 + Level 0.1 Ice Magic


You had 4 spell levels left.
You knew the following spells:

 Your Spells              Type           Power        Failure   Level  Hunger
a - Corona                Hex            ###....      2%          1    None
b - Confuse               Hex            ###.....     6%          3    ###....
c - Tukima's Dance        Hex            ###.....     6%          3    ###....
d - Ensorcelled Hibernat  Hex/Ice        ##....       9%          2    ##.....


Dungeon Overview and Level Annotations

Branches:
Dungeon (5/15)
 Temple: D:4-7

Altars:
Fedhas
Makhleb
Nemelex Xobeh
Qazlal
Vehumet


Innate Abilities, Weirdness & Mutations

You are very small and have problems with some larger weapons.
You are too small for most types of armour.
You have supernaturally acute eyesight. (SInv)
You are a herbivore.
You cover ground extremely quickly.
You need consume almost no food.


Message History

The orc priest barely misses you.
You hit the orc priest but do no damage.
The orc priest is lightly wounded.
The orc priest hits you with a dagger.
You hit the orc priest but do no damage.
The orc priest is lightly wounded.
The orc priest seems less confused.
You barely miss the orc priest.
The orc priest is lightly wounded.
The orc priest closely misses you.
You hit the orc priest but do no damage.
The orc priest is lightly wounded.
The orc priest barely misses you.
The orc priest calls upon Beogh to heal the orc priest.
The orc priest's wounds heal themselves!
The orc priest hits you but does no damage.
The orc priest mumbles some strange prayers to Beogh against you.
Beogh smites you!
Ouch! That really hurt!
You die...

#...# #### #...##
##... #....# +....
..... #... #..#
##...##[.######
#...o..o.......
#..............
##...##@###.##. ###
#...##..##.######..#
#P...#.........(....#
♣≈♣..#..............#
≈≈≈≈..##..##.###<###.#
##≈♣≈.. ####### #.# .
P... ... ..... .......


You could see 2 orc priests.

Vanquished Creatures
  A howler monkey (D:4)
  A crimson imp (D:4)
  A bullfrog skeleton (D:5)
  A gnoll shaman (D:4)
  A hound (D:3)
  Ijyb (D:4)
  A worker ant (D:4)
  Robin (D:3)
  5 gnolls (D:4)
  7 adders
  An ooze (D:1)
  2 worms
  5 dart slugs
  3 leopard geckos
  2 orcs
  A ball python (D:2)
  A giant cockroach (D:1)
  14 goblins
  9 hobgoblins
  7 jackals (D:2)
  5 kobolds
  2 quokkas
  12 bats
  3 frilled lizards
  A jackal skeleton (D:4)
  6 rats
94 creatures vanquished.

Vanquished Creatures (others)
  2 fungi (D:4)
2 creatures vanquished.

Grand Total: 96 creatures vanquished

Notes
Turn   | Place    | Note
-------+----------+-------------------------------------------
     0 | D:1      | sking99 the Spriggan Enchanter began the quest for the Orb.
     0 | D:1      | Reached XP level 1. HP: 9/9 MP: 5/5
   525 | D:1      | Reached XP level 2. HP: 13/13 MP: 6/6
   776 | D:1      | Reached skill level 5 in Stealth
  1086 | D:1      | Reached XP level 3. HP: 13/16 MP: 8/8
  1141 | D:1      | Learned a level 3 spell: Confuse
  3296 | D:1      | Reached XP level 4. HP: 21/21 MP: 5/9
  3655 | D:2      | Found a sparkling altar of Nemelex Xobeh.
  4329 | D:2      | Learned a level 3 spell: Tukima's Dance
  4332 | D:2      | Learned a level 2 spell: Ensorcelled Hibernation
  4712 | D:3      | Reached skill level 6 in Stealth
  4712 | D:3      | Reached XP level 5. HP: 18/25 MP: 10/10
  5020 | D:4      | Found a stormy altar of Qazlal.
  5020 | D:4      | Found a blossoming altar of Fedhas.
  5067 | D:4      | Noticed Robin
  5142 | D:3      | Killed Robin
  5359 | D:4      | Noticed Ijyb
  5377 | D:4      | Killed Ijyb
  5556 | D:4      | Reached XP level 6. HP: 29/29 MP: 1/12
  5854 | D:4      | Found a burning altar of Makhleb.
  5854 | D:4      | Found a radiant altar of Vehumet.
  6647 | D:5      | Entered Level 5 of the Dungeon
  6649 | D:5      | Reached skill level 7 in Stealth
  6703 | D:5      | Killed from afar by an orc priest

Skill      XL: |  1  2  3  4  5  6 |
---------------+-------------------+-----
Stealth        | 5 6 7 |  7.0
Short Blades   | 2 3 4 |  4.5
Hexes          | 4 |  4.8
Spellcasting   | 3 4 |  4.0
Dodging        | 4 |  4.0
Fighting       | |  0.8
Ice Magic      | |  0.1

Action                   |  1- 3 |  4- 6 || total
-------------------------+-------+-------++-------
Melee: Dagger            |   178 |   284 ||   462
 Cast: Confuse           |    15 |    26 ||    41
       Corona            |     1 |       ||     1
       Ensorcelled Hiber |       |    15 ||    15
  Use: Scroll            |       |     9 ||     9
 Stab: Sleeping          |    10 |    15 ||    25
       Distracted        |     2 |     2 ||     4
       Confused          |     5 |    13 ||    18
  Eat: Ration            |     1 |     3 ||     4
Armor: Robe              |    16 |    12 ||    28
Dodge: Dodged            |   171 |   188 ||   359
